 Dungeon Crawl Stone Soup version 0.29.1-1-gd02db6906a (webtiles) character file.

Game seed: 12482920572541409152

925 Earthwalker the Poker (level 7, -4/61 HPs)
             Began as a Minotaur Fighter on Oct 8, 2022.
             Slain by an unseen horror (7 damage)
             ... on level 5 of the Dungeon.
             The game lasted 00:16:02 (4490 turns).

Earthwalker the Poker (Minotaur Fighter)            Turns: 4490, Time: 00:16:03

Health: -4/61      AC: 16    Str: 20    XL:     7   Next: 84%
Magic:  6/6        EV:  6    Int:  5    God:
Gold:   314        SH:  5    Dex: 12    Spells: 6/6 levels left

rFire   . . .      SeeInvis .   a - +0 trident (freeze)
rCold   . . .      Faith    .   c - +0 buckler
rNeg    . . .      Spirit   .   i - +1 plate armour
rPois   .          Reflect  .   (helmet restricted)
rElec   .          Harm     .   s - +0 cloak
rCorr   .          Rampage  .   r - +0 pair of gloves
Will    .....                   (no boots)
Stlth   ..........              (no amulet)
HPRegen 0.20/turn               g - ring of flight
MPRegen 0.10/turn               (no ring)

@: flying
A: horns 2, retaliatory headbutt
a: no special abilities


You were on level 5 of the Dungeon.
You visited 1 branch of the dungeon, and saw 5 of its levels.

You collected 314 gold pieces.

Inventory:

Hand Weapons
 a - a +0 trident of freezing (weapon)
 o - the +7 mace "Gutamohi" {antimagic, rF+ Int+3}
   (You found it on level 2 of the Dungeon)

   It reduces the magical energy of the wielder, and disrupts the spells and
   magical abilities of those it strikes.
   Natural abilities and divine invocations are not affected.
   Int:       It affects your intelligence (+3).
   rF:        It protects you from fire.
Missiles
 f - 4 curare-tipped darts
 j - 9 poisoned darts (quivered)
Armour
 b - a +0 scale mail
 c - a +0 buckler (worn)
 i - a +1 plate armour (worn)
 r - a +0 pair of gloves (worn)
 s - a +0 cloak (worn)
Jewellery
 g - a ring of flight (left hand)
 u - an amulet of regeneration
 A - an amulet of faith
Wands
 p - a wand of flame (29)
Scrolls
 n - 2 scrolls of teleportation
 q - a scroll of blinking
 t - a scroll of immolation
 y - a scroll of brand weapon
Potions
 d - 2 potions of might
 e - 2 potions of magic
 h - a potion of brilliance
 k - a potion of heal wounds
 l - a potion of curing
 m - a potion of ambrosia
 v - a potion of flight
 w - a potion of attraction
 x - 3 potions of degeneration
 z - a potion of resistance


   Skills:
 * Level 5.1 Fighting
 * Level 7.1 Polearms
 * Level 5.8 Armour
 * Level 2.7 Dodging
 * Level 2.4 Stealth
 * Level 5.0 Shields


You had 6 spell levels left.
You didn't know any spells.
Your spell library contained the following spells:

 Spells                   Type           Power      Damage    Failure   Level
 Conjure Flame            Conj/Fire      0%         6-21      100%        3
 Ignite Poison            Fire/Tmut/Pois 0%         N/A       100%        3
 Corpse Rot               Necr/Pois/Air  0%         N/A       100%        4
 Dispel Undead            Necr           0%         3d6       100%        4
 Sticky Flame             Conj/Fire      0%         2d3       100%        4
 Death Channel            Necr           0%         N/A       100%        6


Dungeon Overview and Level Annotations

Branches:
Dungeon (5/15)
 Temple: D:4-7

Altars:
Cheibriados
Zin


Innate Abilities, Weirdness & Mutations

You have a pair of horns on your head.
You reflexively headbutt those who attack you in melee.


Message History

The scorpion is lightly wounded.
Something hits you but does no damage.
You hit the scorpion. You freeze the scorpion.
The scorpion is moderately wounded.
The scorpion stings you but does no damage.
You hit the scorpion. You freeze the scorpion.
The scorpion is heavily wounded.
The scorpion stings you.
* * * LOW HITPOINT WARNING * * *
Unknown command.
You hit the scorpion but do no damage.
The scorpion is heavily wounded.
The scorpion barely misses you. The scorpion closely misses you.
You closely miss the scorpion. Your headbutt misses the scorpion.
The scorpion is heavily wounded.
You block the scorpion's attack.
You closely miss the scorpion.
The scorpion is heavily wounded.
The scorpion barely misses you.
You hit the scorpion but do no damage.
The scorpion is heavily wounded.
You block the scorpion's attack.
You puncture the scorpion! You freeze the scorpion.
You kill the scorpion!
Something hits you but does no damage.
Your life force feels restored.
Your Shields skill increases to level 5!
Reach: a) +0 trident (freeze)
Press: ? - help, Dir - move target You reach to attack!
You miss something. Something hits you.
* * * LOW HITPOINT WARNING * * *
Something hits you but does no damage.
There is an open door here.
Things that are here:
a +2 hand axe; a +0 robe; a worm corpse Something hits you but does no damage.
Things that are here:
a scorpion corpse; an adder corpse You hit something.
You freeze something. Something hits you!
You die...

##...##+#!??#
#..### #...#
#.##.# #...#
#.)..# #...#
#.##.# #...#
#..### #...#
##...####...# #..
###....##{##....#
#.....@........
###.........###
###########


There were no monsters in sight!

Vanquished Creatures
  Menkaure (D:4)
  An ice beast (D:5)
  3 phantoms (D:4)
  2 scorpions (D:5)
  A wight (D:5)
  2 jellies
  An orc priest (D:4)
  3 iguanas
  5 adders
  A shadow imp (D:5)
  3 worms
  2 dart slugs
  7 orcs
  10 endoplasms
  2 giant cockroaches
  5 goblins
  12 hobgoblins
  3 quokkas
  7 ball pythons
  5 bats
  3 frilled lizards
  11 kobolds
  4 rats
94 creatures vanquished.

Vanquished Creatures (others)
  5 withered plants (D:2)
5 creatures vanquished.

Grand Total: 99 creatures vanquished

Notes
Turn   | Place    | Note
-------+----------+-------------------------------------------
     0 | D:1      | Earthwalker the Minotaur Fighter began the quest for the
                  | Orb.
     0 | D:1      | Reached XP level 1. HP: 19/19 MP: 0/0
   267 | D:1      | Reached XP level 2. HP: 27/27 MP: 1/1
  1044 | D:2      | Reached XP level 3. HP: 33/33 MP: 2/2
  1096 | D:2      | Reached skill level 1 in Dodging
  1299 | D:2      | Reached skill level 3 in Polearms
  1323 | D:2      | Found a faded altar of an unknown god.
  1747 | D:2      | Identified the +7 mace "Gutamohi" {antimagic, rF+ Int+3}
  1969 | D:3      | Found a glowing silver altar of Zin.
  2237 | D:3      | Reached XP level 4. HP: 40/40 MP: 3/3
  2897 | D:4      | Reached skill level 1 in Stealth
  2897 | D:4      | Reached XP level 5. HP: 20/46 MP: 4/4
  2927 | D:4      | Noticed a phantom
  3166 | D:4      | Killed a phantom
  3167 | D:4      | Reached skill level 4 in Polearms
  3408 | D:4      | Found a snail-covered altar of Cheibriados.
  3506 | D:4      | Noticed a phantom
  3518 | D:4      | Killed a phantom
  3519 | D:4      | Reached skill level 5 in Polearms
  3519 | D:4      | Reached XP level 6. HP: 50/53 MP: 5/5
  3572 | D:4      | Reached skill level 5 in Armour
  3687 | D:4      | Noticed Menkaure
  3696 | D:4      | Killed Menkaure
  3940 | D:4      | Reached skill level 6 in Polearms
  3940 | D:4      | Reached XP level 7. HP: 56/60 MP: 6/6
  4056 | D:5      | Entered Level 5 of the Dungeon
  4465 | D:5      | Reached skill level 5 in Fighting
  4479 | D:5      | Reached skill level 7 in Polearms
  4487 | D:5      | Reached skill level 5 in Shields
  4487 | D:5      | HP: 2/61 [something (2)]
  4490 | D:5      | Slain by an unseen horror

Illustrated notes

Levels and vault maps discovered:
D:1:      minmay_arrival_semitransparent, layout_basic
D:2:      layout_basic, serial_rivers, chequers_serial_rivers_large_b,
          chequers_serial_rivers_micro_e, chequers_serial_rivers_small_b,
          chequers_serial_rivers_room_a, ebering_ecumenical_altar_petrified,
          minmay_tripent
D:3:      layout_rooms, nicolae_overflow_hidden_temple,
          mainiacjoe_overflow_small_starburst, minmay_pentangle
D:4:      layout_loops_ring, slow_altar_1, roderic_malta_cross, uniq_menkaure
D:5:      kennysheep_slugbush, layout_loops_ring, minmay_misc_feat_encased,
          grunt_decor_cap, minmay_divided_ellipse

Skill      XL: |  1  2  3  4  5  6  7 |
---------------+----------------------+-----
Armour         | 4 5 |  5.8
Shields        | 4 5 |  5.0
Dodging        | 1 2 |  2.7
Polearms       | 3 5 6 7 |  7.1
Fighting       | 4 5 |  5.1
Stealth        | 1 2 |  2.4

Action                   |  1- 3 |  4- 6 |  7- 9 || total
-------------------------+-------+-------+-------++-------
Melee: Trident           |   133 |   104 |    69 ||   306
       Headbutt          |    23 |    12 |    11 ||    46
  Use: Scroll            |     5 |     6 |     4 ||    15
Armor: Scale mail        |    21 |       |       ||    21
       Plate armour      |    34 |    47 |    36 ||   117
Dodge: Dodged            |    45 |    20 |    14 ||    79
Block: Buckler           |    24 |    19 |    16 ||    59
